 Dungeon Crawl Stone Soup version 0.27-a0-637-g3a9f0a9c12 (webtiles) character file.

Game seed: 6362571826727767563

182 Allula97 the Shield-Bearer (level 5, 0/41 HPs)
             Began as a Demonspawn Fighter on Mar 14, 2021.
             Slain by a gnoll
             ... wielding a +0 halberd
              (4 damage)
             ... on level 3 of the Dungeon.
             The game lasted 00:04:43 (2332 turns).

Allula97 the Shield-Bearer (Demonspawn Fighter)     Turns: 2332, Time: 00:04:44

Health: 0/41       AC: 11    Str: 17    XL:     5   Next: 34%
Magic:  5/5        EV:  7    Int: 10    God:
Gold:   159        SH: 13    Dex: 14    Spells: 4/4 levels left

rFire    . . .     SeeInvis .   a - +0 long sword
rCold    . . .     Faith    .   c - +0 kite shield
rNeg     . . .     Spirit   .   b - +0 scale mail
rPois    .         Reflect  .   p - +0 helmet
rElec    .         Harm     .   (no cloak)
rCorr    .         Rampage  .   u - +0 pair of gloves
Will     .....     Clarity  +   (no boots)
Stlth    ..........             r - amulet of the acrobat
HPRegen  0.13/turn              (no ring)
MPRegen  0.18/turn              (no ring)

@: no status effects
A: thin metallic scales 1, magic regeneration, condensation shield, agile 1,
clarity
a: no special abilities


You were on level 3 of the Dungeon.
You visited 1 branch of the dungeon, and saw 3 of its levels.

You collected 159 gold pieces.

Inventory:

Hand Weapons
 a - a +0 long sword (weapon)
Armour
 b - a +0 scale mail (worn)
 c - a +0 kite shield (worn)
 p - a +0 helmet (worn)
 u - a +0 pair of gloves (worn)
Jewellery
 r - an amulet of the acrobat (around neck)
Wands
 s - a wand of iceblast (8)
Scrolls
 f - a scroll of noise {unknown}
 g - 4 scrolls of identify {unknown}
 h - 3 scrolls of amnesia {unknown}
 i - a scroll of enchant armour {unknown}
 k - a scroll of magic mapping {unknown}
 l - a scroll of immolation {unknown}
 n - a scroll of random uselessness {unknown}
 o - a scroll of teleportation {unknown}
Potions
 d - a potion of attraction {unknown}
 e - a potion of resistance {unknown}
 j - a potion of haste
 t - a potion of invisibility {unknown}


   Skills:
 * Level 3.5 Fighting
 * Level 3.0 Long Blades
 * Level 3.5 Armour
 * Level 1.4 Dodging
 * Level 3.5 Shields


You had 4 spell levels left.
You didn't know any spells.
Your spell library was empty.

Dungeon Overview and Level Annotations

Branches:
Dungeon (3/15)

Altars:
Vehumet
Yredelemnul


Innate Abilities, Weirdness & Mutations

You are partially covered in thin metallic scales. (AC +2)
You regenerate magic rapidly.
A meltable shield of frost defends you. (SH +4)
You are agile. (Dex +2)
You possess an exceptional clarity of mind.


Message History

You block the gnoll's attack.
You barely miss the gnoll.
The gnoll is lightly wounded.
The gnoll hits you but does no damage.
You closely miss the gnoll.
You feel yourself slow down. You block the gnoll's attack.
The gnoll barely misses you.
You slash the gnoll!
The gnoll is heavily wounded.
You block the gnoll's attack. x2
You hit the gnoll.
The gnoll is severely wounded.
The gnoll barely misses you. The gnoll closely misses you.
You block the gnoll's attack.
You hit the gnoll.
The gnoll is almost dead.
You block the gnoll's attack. x2; The gnoll hits you with a +0 flail.
You barely miss the gnoll.
The gnoll is almost dead.
The gnoll hits you from afar with a +0 halberd.
You block the gnoll's attack.
You closely miss the gnoll.
The gnoll is almost dead.
The gnoll hits you from afar with a +0 halberd!
* * * LOW HITPOINT WARNING * * *
The gnoll hits you with a +0 flail.
* * * LOW HITPOINT WARNING * * *
A rat comes into view.
The gnoll completely misses you. The rat bites you but does no damage.
You closely miss the rat. You block the rat's attack.
The gnoll hits you with a +0 flail.
* * * LOW HITPOINT WARNING * * *
The gnoll hits you but does no damage. The rat bites you.
* * * LOW HITPOINT WARNING * * *
You hit the rat.
You kill the rat!
The gnoll hits you but does no damage. You block the gnoll's attack. x2
The gnoll hits you from afar with a +0 halberd.
You die...

..#........
#......[.
#........
#####.#.# ####.#.#
##### #.......
#.g.# #.......
#g#.#######.......
#@#.g...g....)....
#.#...............
#.#.#########.##..
#.#+# #.##.. #..
#.###. #.. #.# #.
#.. ..# #. '...
..# ## ..#


You could see 2 gnolls.

Vanquished Creatures
  A howler monkey (D:3)
  A gnoll (D:3)
  5 adders (D:2)
  3 dart slugs
  3 leopard geckos
  An orc (D:2)
  6 bats
  6 giant cockroaches
  10 goblins
  10 hobgoblins
  6 jackals
  2 ball pythons
  A frilled lizard (D:3)
  10 kobolds
  7 rats
  A spectral orc (D:2)
73 creatures vanquished.

Vanquished Creatures (others)
  A plant (D:1)
1 creature vanquished.

Grand Total: 74 creatures vanquished

Notes
Turn   | Place    | Note
-------+----------+-------------------------------------------
     0 | D:1      | Allula97 the Demonspawn Fighter began the quest for the
                  | Orb.
     0 | D:1      | Reached XP level 1. HP: 18/18 MP: 1/1
     6 | D:1      | Noticed an anaconda
     6 | D:1      | Noticed a swamp worm
     7 | D:1      | Noticed a rime drake
    66 | D:1      | Gained mutation: You regenerate magic rapidly. [demonic
                  | ancestry]
    66 | D:1      | Reached XP level 2. HP: 24/24 MP: 2/2
   482 | D:1      | Gained mutation: You are partially covered in thin metallic
                  | scales. (AC +2) [demonic ancestry]
   482 | D:1      | Reached XP level 3. HP: 28/29 MP: 3/3
  1313 | D:2      | Found a radiant altar of Vehumet.
  1471 | D:2      | Gained mutation: A meltable shield of frost defends you.
                  | (SH +4) [demonic ancestry]
  1471 | D:2      | Reached XP level 4. HP: 35/35 MP: 4/4
  2015 | D:2      | Found a basalt altar of Yredelemnul.
  2021 | D:2      | Reached skill level 1 in Dodging
  2224 | D:3      | Reached XP level 5. HP: 40/41 MP: 5/5
  2264 | D:3      | Gained mutation: You are agile. (Dex +2) [potion of
                  | mutation]
  2264 | D:3      | Gained mutation: You possess an exceptional clarity of
                  | mind. [potion of mutation]
  2332 | D:3      | Slain by a gnoll

Illustrated notes

Levels and vault maps discovered:
D:1:      onia_arrival_zoo_common, layout_basic, serial_forest,
          infiniplex_forest_zigzag_2, infiniplex_forest_lined_1,
          infiniplex_forest_straight_2, infiniplex_forest_end_1,
          infiniplex_forest_clump_double, infiniplex_forest_clump_small,
          infiniplex_forest_end_3
D:2:      layout_basic, yredelemnul_forgotten_temple_becter,
          nicolae_vehumet_altar_sigil
D:3:      layout_basic, minmay_goblin_kobold_house

Skill      XL: |  1  2  3  4 |
---------------+-------------+-----
Shields        | 3 |  3.5
Long Blades    | 2 3 |  3.0
Armour         | 3 |  3.5
Dodging        | 1 |  1.4
Fighting       | |  3.5

Action                   |  1- 3 |  4- 6 || total
-------------------------+-------+-------++-------
Melee: Long sword        |   141 |   116 ||   257
  Use: Potion            |       |     4 ||     4
Armor: Scale mail        |   103 |    78 ||   181
Dodge: Dodged            |    59 |    49 ||   108
Block: Kite shield       |   117 |   123 ||   240
       Rpst.: Long sword |    25 |     8 ||    33

Table legend: (Time is in decaauts)
 A = Elapsed time spent in this place.
 B = Non-inter-level travel time spent in this place.
 C = Inter-level travel time spent in this place.
 D = Time resting spent in this place.
 E = Time spent auto-exploring this place.
 F = Levels seen in this place.
 G = Mean time per level.
                   A        B        C        D        E       F      G
               +--------+--------+--------+--------+--------+-----+--------+
         Total |   2445 |   2400 |     45 |    235 |   1381 |   3 |  815.0 |
       Dungeon |   2445 |   2400 |     45 |    235 |   1381 |   3 |  815.0 |
               +--------+--------+--------+--------+--------+-----+--------+

Top non-repeatable levels by time:
     D:1: 1123 daAuts
     D:2: 1021 daAuts
     D:3: 299 daAuts
